 Dungeon Crawl Stone Soup version 0.25-a0-822-g6581751b11 (webtiles) character file.

Game seed: 5947567004452928207, levelgen mode: deterministic

4003 Vazz the Shield-Bearer (level 10, -3/76 HPs)
             Began as a Mummy Fighter on Apr 21, 2020.
             Was an Elder of Dithmenos.
             Slain by a hornet (12 damage)
             ... on level 8 of the Dungeon.
             The game lasted 00:30:16 (7489 turns).

Vazz the Shield-Bearer (Mummy Fighter)              Turns: 7489, Time: 00:30:17

Health: -3/76      AC: 16    Str: 19    XL:     10   Next: 3%
Magic:  10/10      EV:  8    Int:  9    God:    Dithmenos [****..]
Gold:   223        SH:  0    Dex: 14    Spells: 9/9 levels left

rFire    x . .     SeeInvis .   x - +4 quarterstaff of an ice cave {elec, rN+}
rCold    + . .     Gourm    .   (shield currently unavailable)
rNeg     + + +     Faith    .   i - +0 chain mail
rPois    ∞         Spirit   .   s - +1 helmet
rElec    .         Reflect  .   (no cloak)
rCorr    .         Harm     .   j - +0 pair of gloves
MR       +....                  h - +2 pair of boots
Stlth    ..........             (no amulet)
HPRegen  0.22/turn              o - ring of positive energy
MPRegen  0.12/turn              (no ring)

@: wreathed by umbra
A: no food or potions, fire vulnerability, cold resistance 1, negative energy
resistance 3, torment resistance, unbreathing
a: Shadow Step, Renounce Religion


You were on level 8 of the Dungeon.
You worshipped Dithmenos.
Dithmenos was greatly pleased with you.
You were not hungry.

You visited 1 branch of the dungeon, and saw 8 of its levels.

You collected 448 gold pieces.
You spent 225 gold pieces at shops.

Inventory:

Hand Weapons
 a - a +0 flail
 l - a +1 dagger of venom
 r - a +3 hand axe of freezing
 u - a +5 falchion
 x - the +4 quarterstaff of an ice cave (weapon) {elec, rN+}
   (You found it on level 7 of the Dungeon)

   Occasionally, upon striking a foe, it will discharge some electrical energy
   and cause terrible harm.
   It protects you from negative energy.
 y - a +2 hand axe of flaming
 z - a +3 mace
Missiles
 b - 10 bolts
 g - 97 arrows
 q - a boomerang of dispersal (quivered)
Armour
 c - a +0 kite shield
 h - a +2 pair of boots (worn)
 i - a +0 chain mail (worn)
 j - a +0 pair of gloves (worn)
 n - a +0 tower shield of fire resistance
 s - a +1 helmet (worn)
 t - the +0 ring mail "Nienk" {Str+3 Int-2 Stlth+}
   (You bought it in a shop on level 4 of the Dungeon)

   It affects your strength (+3).
   It affects your intelligence (-2).
   It makes you more stealthy.
Jewellery
 o - a ring of positive energy (left hand)
Wands
 k - a wand of disintegration (37)
 p - a wand of polymorph (8)
Scrolls
 d - 3 scrolls of magic mapping
 e - 6 scrolls of amnesia
 f - 8 scrolls of identify
 m - 2 scrolls of teleportation
 v - a scroll of fear
 w - a scroll of enchant armour


   Skills:
 + Level 6.0 Fighting
 + Level 2.2(2.5) Short Blades
 + Level 1.7(2.3) Long Blades
 + Level 3.2(3.6) Axes
 + Level 2.2(3.9) Maces & Flails
 + Level 3.4(3.8) Staves
   Level 3.7 Crossbows
 + Level 5.9 Armour
 + Level 2.4 Dodging
 + Level 0.4 Stealth
 + Level 6.3 Shields


You had 9 spell levels left.
You didn't know any spells.
Your spell library contained the following spells:

 Spells                   Type           Power        Failure   Level  Hunger
 Magic Dart               Conj           #...         99%         1    N/A
 Blink                    Tloc           N/A          99%         2    N/A
 Call Imp                 Summ           #.......     99%         2    N/A
 Slow                     Hex            #.......     99%         2    N/A
 Conjure Flame            Conj/Fire      #.......     100%        3    N/A
 Mephitic Cloud           Conj/Pois/Air  #.......     100%        3    N/A

Dungeon Overview and Level Annotations

Branches:
Dungeon (8/15)             Temple (0/1) D:5
   Lair: D:8-11

Altars:
Dithmenos
Makhleb

Shops:
D:4 *

Annotations:
D:3 3 runed translucent doors, bmj180's ghost, amateur DrCj; catzilla's ghost, weakling MiBe; emiel's ghost, amateur DsFi; incide's ghost, amateur DsGl


Innate Abilities, Weirdness & Mutations

You do not eat or drink.
Your flesh is vulnerable to fire.
You are immune to poison.
Your flesh is cold resistant. (rC+)
You are immune to negative energy. (rN+++)
You are immune to unholy pain and torment.
You can survive without breathing.


Message History

The soldier ant closely misses you.
Your chain mail prevents you from hitting the soldier ant.
The soldier ant is severely wounded.
The soldier ant stings you but does no damage.
You hit the soldier ant but do no damage.
The soldier ant is severely wounded.
The soldier ant stings you.
* * * LOW HITPOINT WARNING * * *
You hit the soldier ant but do no damage.
Lightning courses through the soldier ant!
You kill the soldier ant!
Dithmenos accepts your kill. The hornet stings you!
* * * LOW HITPOINT WARNING * * *
You completely miss the hornet. The hornet completely misses you.
You closely miss the hornet. The hornet stings you.
* * * LOW HITPOINT WARNING * * *
The hornet stings you but does no damage.
You miss the hornet. The hornet stings you!
You die...

............# #.##.#..)...
#####...##..# #.##.#######
##.###..###.##......†.
#.........#..########
########..###.#.# ##### ####
#.######..###.#.####...#
#.#.##.##....................
#.#....#.####.#########.....
#.##.....y@..# #.....
#.#y#.....###.# ##...# ##
#####..# #.# ##.## ###.# #..#
#.# #.# #.#####...###..# #.#
#.# ...........##..# #.# #.#
#####.......#..# #.# #.# #
#...........###.# #.# #
#...............# #.#


You could see a hornet.

Vanquished Creatures
  A hornet (D:8)
  Grinder (D:3)
  Menkaure (D:7)
  A soldier ant (D:8)
  4 ice beasts
  2 sky beasts
  2 phantoms
  2 ogres
  A necrophage (D:7)
  A centaur (D:5)
  9 bullfrogs
  A wyvern zombie (D:8)
  2 scorpions
  3 wights (D:7)
  A howler monkey (D:5)
  5 crimson imps
  3 hounds
  A jelly (D:7)
  3 orc priests
  6 orc wizards
  A bullfrog skeleton (D:4)
  2 centaur skeletons
  Jessica (D:3)
  An iguana (D:5)
  Ijyb (D:3)
  Natasha (D:3)
  12 worker ants
  A hound zombie (D:5)
  A hound skeleton (D:5)
  A worker ant zombie (D:5)
  Robin (D:4)
  4 gnolls (D:8)
  13 adders
  2 shadow imps
  4 oozes
  3 adder zombies
  An adder skeleton (D:7)
  4 worms
  5 leopard geckos
  20 orcs
  6 giant cockroaches
  13 goblins
  12 hobgoblins
  10 jackals
  4 kobolds
  5 quokkas
  5 ball pythons
  4 bats
  6 frilled lizards
  7 rats
201 creatures vanquished.

Notes
Turn   | Place    | Note
-------+----------+-------------------------------------------
     0 | D:1      | Vazz the Mummy Fighter began the quest for the Orb.
     0 | D:1      | Reached XP level 1. HP: 18/18 MP: 1/1
   334 | D:1      | Reached XP level 2. HP: 22/24 MP: 2/2
   962 | D:2      | Reached XP level 3. HP: 23/29 MP: 3/3
  1172 | D:2      | Reached skill level 1 in Dodging
  1183 | D:2      | Found a shadowy altar of Dithmenos.
  1216 | D:2      | Became a worshipper of Dithmenos the Shadowed
  1271 | D:2      | Reached XP level 4. HP: 35/35 MP: 4/4
  1492 | D:2      | Found a burning altar of Makhleb.
  1492 | D:2      | Noticed a cacodemon
  1495 | D:2      | Noticed a smoke demon
  1495 | D:2      | Noticed a hellwing
  1613 | D:3      | Noticed Grinder
  1695 | D:3      | Paralysed by Grinder for 2 turns
  1701 | D:3      | Killed Grinder
  1701 | D:3      | Reached skill level 1 in Short Blades
  1701 | D:3      | Reached XP level 5. HP: 9/41 MP: 5/5
  1701 | D:3      | Reached XP level 6. HP: 10/47 MP: 6/6
  2085 | D:3      | Noticed Ijyb
  2103 | D:3      | Killed Ijyb
  2159 | D:3      | Noticed Jessica
  2165 | D:3      | Killed Jessica
  2180 | D:3      | Found a runed translucent gate.
  2181 | D:3      | Found a runed translucent gate.
  2183 | D:3      | Found a runed translucent gate.
  2184 | D:3      | Noticed bmj180's ghost (amateur DrCj)
  2184 | D:3      | Noticed emiel's ghost (amateur DsFi)
  2184 | D:3      | Noticed incide's ghost (amateur DsGl)
  2184 | D:3      | Noticed catzilla's ghost (weakling MiBe)
  2298 | D:3      | Noticed Natasha
  2307 | D:3      | Killed Natasha
  2557 | D:4      | Found Pago's Assorted Antiques.
  2680 | D:4      | Reached * piety under Dithmenos
  2683 | D:4      | Reached XP level 7. HP: 37/52 MP: 7/7
  2970 | D:4      | Noticed Robin
  2993 | D:4      | Killed Robin
  3666 | D:4      | Bought a heavily runed ring mail for 225 gold pieces
  3676 | D:4      | Identified the +0 ring mail "Nienk" {Str+3 Int-2 Stlth+}
                  | (You bought it in a shop on level 4 of the Dungeon)
  3702 | D:5      | Entered Level 5 of the Dungeon
  3793 | D:5      | Reached ** piety under Dithmenos
  3793 | D:5      | Reached skill level 1 in Axes
  3834 | D:5      | Reached skill level 5 in Shields
  3854 | D:5      | HP: 2/53 [ice beast (4)]
  4015 | D:5      | Reached XP level 8. HP: 25/60 MP: 8/8
  4194 | D:5      | Found a staircase to the Ecumenical Temple.
  4560 | D:5      | Reached skill level 1 in Crossbows
  4866 | D:6      | Reached skill level 5 in Armour
  6137 | D:7      | Reached XP level 9. HP: 59/67 MP: 9/9
  6201 | D:7      | Reached skill level 5 in Fighting
  6394 | D:7      | Reached *** piety under Dithmenos
  6529 | D:7      | Got an ichor-stained quarterstaff
  6541 | D:7      | Identified the +4 quarterstaff of an ice cave {elec, rN+}
                  | (You found it on level 7 of the Dungeon)
  6722 | D:7      | Reached skill level 1 in Long Blades
  6866 | D:7      | Noticed Menkaure
  6872 | D:7      | Killed Menkaure
  6954 | D:8      | Reached skill level 1 in Staves
  7186 | D:8      | Reached **** piety under Dithmenos
  7475 | D:8      | Reached XP level 10. HP: 24/76 MP: 10/10
  7489 | D:8      | Slain by a hornet

Levels and vault maps discovered:
D:1:      sevenhm_arrival_forest_fort_small_4, layout_basic, minmay_hexomino_u4
D:2:      layout_loops_ring, nicolae_dithmenos_shadow_blocks, first_ration,
          st_stairs_9, makhleb_altar_promises_db
D:3:      layout_basic, gammafunk_ghost_cemetery, uniq_ijyb, uniq_jessica,
          uniq_natasha, uniq_grinder
D:4:      kennysheep_big_flooded_room, layout_basic, serial_shops, shop,
          minmay_misc_feat_enclosed, uniq_robin
D:5:      layout_cave_pools, temple_fountains
D:6:      layout_basic
D:7:      layout_basic, uniq_menkaure
D:8:      layout_loops_ring, chequers_serial_rivers_small_b,
          hangedman_pestilent_swarm

Skill      XL: |  1  2  3  4  5  6  7  8  9 |
---------------+----------------------------+-----
Maces & Flails | 2 |  2.2
Dodging        | 1 2 |  2.4
Armour         | 3 4 5 |  5.9
Short Blades   | 1 2 |  2.2
Shields        | 3 4 5 6 |  6.3
Axes           | 1 2 3 |  3.2
Fighting       | 4 6 |  6.0
Crossbows      | 3 |  3.7
Long Blades    | 1 |  1.7
Staves         | 3 |  3.4
Stealth        | |  0.4

Action                   |  1- 3 |  4- 6 |  7- 9 | 10-12 || total
-------------------------+-------+-------+-------+-------++-------
Melee: Flail             |    56 |       |       |       ||    56
       Dagger            |    85 |   197 |   183 |       ||   465
       Hand axe          |       |       |   270 |       ||   270
       Arbalest          |       |       |    32 |       ||    32
       Quarterstaff      |       |       |   129 |    14 ||   143
       Falchion          |       |       |    40 |       ||    40
 Fire: Arbalest          |       |       |   146 |       ||   146
  Use: Scroll            |     5 |       |     6 |       ||    11
Armor: Scale mail        |    48 |       |       |       ||    48
       Chain mail        |    27 |    92 |   512 |     5 ||   636
Dodge: Dodged            |    40 |    10 |   238 |     7 ||   295
Block: Kite shield       |    56 |    18 |       |       ||    74
       Tower shield      |       |    86 |   333 |       ||   419
       Rpst.: Falchion   |       |       |     1 |       ||     1

Table legend:
 A = Non-vault XP
 B = Vault XP
 C = Vault XP percentage of total XP
 D = Non-vault monster count
 E = Vault monster count
 F = Vault count percentage of total count
                 A         B        C        D         E       F
            +---------+---------+-------+---------+---------+-------
      Total |    4608 |    1111 |  19.4 |     176 |      25 |  12.4
            +---------+---------+-------+---------+---------+-------
        D:1 |      25 |       4 |  13.8 |      12 |       2 |  14.3
        D:2 |      72 |       2 |   2.7 |      26 |       2 |   7.1
        D:3 |      51 |     385 |  88.3 |      15 |       4 |  21.1
        D:4 |     577 |      71 |  11.0 |      28 |      13 |  31.7
        D:5 |     712 |       0 |   0.0 |      25 |       0 |   0.0
        D:6 |     748 |       0 |   0.0 |      15 |       0 |   0.0
        D:7 |    1647 |     165 |   9.1 |      37 |       1 |   2.6
        D:8 |     776 |     484 |  38.4 |      18 |       3 |  14.3
            +---------+---------+-------+---------+---------+-------
